 Dungeon Crawl Stone Soup version 0.30-a0-867-g305f33218d (webtiles) character file.

Game seed: 2256395219434109769

3 Aaronstrong the Shield-Bearer (level 1, -1/18 HPs)
             Began as a Human Fighter on Mar 10, 2023.
             Frozen to death by an endoplasm (4 damage)
             ... on level 1 of the Dungeon.
             The game lasted 00:02:33 (99 turns).

Aaronstrong the Shield-Bearer (Human Fighter)         Turns: 99, Time: 00:02:34

Health: -1/18      AC:  6    Str: 16    XL:     1   Next: 55%
Magic:  1/1        EV:  8    Int:  8    God:
Gold:   25         SH:  4    Dex: 12    Spells: 0/0 levels left

rFire   . . .      SeeInvis .    a - +0 long sword
rCold   . . .      Faith    .    c - +0 buckler
rNeg    . . .      Spirit   .    b - +0 scale mail
rPois   .          Reflect  .    (no helmet)
rElec   .          Rampage  .    (no cloak)
rCorr   .                        (no gloves)
Will    .....                    (no boots) Stlth
                                 (no amulet)
HPRegen 0.23/turn                (no ring)
MPRegen 0.07/turn                (no ring)

@: mighty
A: no striking features
a: no special abilities


You were on level 1 of the Dungeon.
You visited 1 branch of the dungeon, and saw 1 of its levels.

You collected 25 gold pieces.

Inventory:

Hand Weapons
 a - a +0 long sword (weapon)
Armour
 b - a +0 scale mail (worn)
 c - a +0 buckler (worn)
Scrolls
 f - a scroll of enchant armour {unknown}
Potions
 e - a potion of heal wounds {unknown}


   Skills:
 + Level 3.0 Fighting
 + Level 2.0 Long Blades
 + Level 3.0 Armour
 + Level 3.1 Shields


You couldn't memorise any spells.
You didn't know any spells.
Your spell library was empty.

Dungeon Overview and Level Annotations

Branches:
Dungeon (1/15)

Altars:


Message History

The kobold attacks as you move away! The kobold hits you with a +0 dagger.
You closely miss the rat. The rat bites you but does no damage.
The kobold closely misses you. The rat barely misses you.
The kobold barely misses you.
You slash the rat!
You kill the rat!
The endoplasm freezes you.
You are frozen.
The kobold hits you but does no damage.
You barely miss the hobgoblin. The hobgoblin closely misses you.
You block the endoplasm's attack.
The hobgoblin hits you but does no damage.
You block the kobold's attack.
You barely miss the hobgoblin. The hobgoblin hits you.
The endoplasm freezes you.
You are frozen.
The kobold hits you but does no damage. The hobgoblin barely misses you.
The hobgoblin hits you. The hobgoblin closely misses you.
The endoplasm barely misses you. The kobold hits you with a +0 dagger.
You barely miss the hobgoblin. You block the hobgoblin's attack.
The kobold hits you with a +0 dagger. You block the endoplasm's attack.
The goblin hits you but does no damage.
The hobgoblin hits you but does no damage.
You feel very mighty all of a sudden. The hobgoblin closely misses you.
The goblin hits you but does no damage.
The hobgoblin hits you but does no damage.
The endoplasm hits you. The kobold barely misses you.
You slash the hobgoblin!
You kill the hobgoblin!
The hobgoblin hits you but does no damage.
The endoplasm hits you but does no damage.
The goblin hits you with a +0 club. The kobold hits you but does no damage.
You barely miss the goblin. The hobgoblin hits you.
* * * LOW HITPOINT WARNING * * *
The endoplasm barely misses you. The kobold hits you but does no damage.
The goblin hits you but does no damage. The hobgoblin barely misses you.
The kobold closely misses you. The goblin hits you with a +0 club.
* * * LOW HITPOINT WARNING * * *
The endoplasm freezes you.
You are frozen.
You die...

.#
################..## .
....................
P. #................
♣P. #....g†K.########
♣.P.####.....@g.....#
♣...........J..##.#
♣♣.................###
♣.P..................#
♣P.###########.#####.
♣. ####.......####
##.............#
#...............
........⌠.......


You could see an endoplasm, a hobgoblin, a goblin and a kobold.

Vanquished Creatures
  An endoplasm (D:1)
  A hobgoblin (D:1)
  A rat (D:1)
3 creatures vanquished.

Vanquished Creatures (others)
  A plant (D:1)
1 creature vanquished.

Grand Total: 4 creatures vanquished

Notes
Turn   | Place    | Note
-------+----------+-------------------------------------------
     0 | D:1      | Aaronstrong the Human Fighter began the quest for the Orb.
     0 | D:1      | Reached XP level 1. HP: 18/18 MP: 1/1
    99 | D:1      | Frozen to death by an endoplasm

Illustrated notes

Levels and vault maps discovered:
D:1:      dpeg_arrival_three_bigger_balls, layout_basic, serial_forest,
          infiniplex_forest_clump_cross, infiniplex_forest_zigzag_2,
          infiniplex_forest_lined_room_, infiniplex_forest_clump_curved,
          infiniplex_forest_lined_room_2, infiniplex_forest_pool,
          infiniplex_forest_pool, infiniplex_forest_clump_curved,
          infiniplex_forest_clump_long

Action                     || total
---------------------------++-------
  Melee: Long sword        ||    13
    Use: Potion            ||     1
 Armour: Scale mail        ||    18
  Dodge: Dodged            ||    13
  Block: Buckler           ||     5

Table legend: (Time is in decaauts)
 A = Elapsed time spent in this place.
 B = Non-inter-level travel time spent in this place.
 C = Inter-level travel time spent in this place.
 D = Time resting spent in this place.
 E = Time spent auto-exploring this place.
 F = Levels seen in this place.
 G = Mean time per level.
                   A        B        C        D        E       F      G
               +--------+--------+--------+--------+--------+-----+--------+
         Total |    102 |     45 |     57 |      0 |      0 |   1 |  102.0 |
       Dungeon |    102 |     45 |     57 |      0 |      0 |   1 |  102.0 |
               +--------+--------+--------+--------+--------+-----+--------+

Top non-repeatable levels by time:
     D:1: 102 daAuts
